cohdb
Replays
Latest Replays
All Replays
Popular Replays
Top Player Replays
Match Explorer
How It Works
Community
CoH3 Stats
Reddit
Sign in to upload your games and track your stats! →
Sign in with Steam
Match 43791134
Unlisted
Match 43791134
Overview
Messages
Build Orders
End
Vickers Machine Gun Team
Construct Section Command Post
Infantry Section
Vickers Machine Gun Team
Selects Indian Artillery Battlegroup
Selects Towed ML 4.2-inch Heavy Mortar
Towed ML 4.2-inch Heavy Mortar
Construct Field Infirmary
Towed ML 4.2-inch Heavy Mortar
Infantry Section
Towed ML 4.2-inch Heavy Mortar
Selects Off-map Airburst Barrage
Off-map Airburst Barrage
Construct Platoon Command Post
Unlock M3 Stuart Light Tanks
M3 Stuart Light Tank
Off-map Airburst Barrage
M3 Stuart Light Tank
Off-map Airburst Barrage
Construct Company Command Post
nomad1970
WasaBee
znzlno1
Larry
Victor
hogarthw
0
0
Comments
sign in to comment!
No comments posted yet!